 Dungeon Crawl Stone Soup version 0.21.1-1-g345015f (webtiles) character file.

2743 vatarom the Fighter (level 9, -21/77 HPs)
             Began as a Gnoll Wanderer on May 25, 2018.
             Demolished by a two-headed ogre
             ... wielding a +0 giant spiked club
              (28 damage)
             ... on level 8 of the Dungeon.
             The game lasted 00:14:16 (6376 turns).

vatarom the Fighter (Gnoll Wanderer)                Turns: 6376, Time: 00:14:18

Health: -21/77     AC: 14    Str: 18    XL:     9   Next: 68%
Magic:  15/15      EV: 18    Int: 13    God:
Gold:   357        SH:  0    Dex: 21    Spells: 16/16 levels left

rFire    . . .     SeeInvis .   a - +3 quarterstaff
rCold    . . .     Gourm    .   (shield currently unavailable)
rNeg     + + .     Faith    .   s - +4 scale mail
rPois    .         Spirit   .   j - +2 hat
rElec    .         Reflect  .   i - +0 cloak
rCorr    .         Harm     .   (no gloves)
MR       .....                  (no boots)
Stlth    +++.......             z - amulet of rage
HPRegen  0.22/turn              k - ring of positive energy
MPRegen  0.14/turn              y - ring of positive energy

@: agile
A: distributed training, fangs 1, strong nose
a: Evoke Berserk Rage


You were on level 8 of the Dungeon.
You were not hungry.

You visited 2 branches of the dungeon, and saw 9 of its levels.

You collected 357 gold pieces.

Inventory:

Hand Weapons
 a - a +3 quarterstaff (weapon)
 b - a +0 blowgun
 v - a +0 battleaxe
Missiles
 q - 18 poisoned needles
Armour
 i - a +0 cloak (worn)
 j - a +2 hat (worn)
 s - a +4 scale mail (worn)
Jewellery
 k - a ring of positive energy (left hand)
 y - a ring of positive energy (right hand)
 z - an amulet of rage (around neck)
Wands
 D - a wand of iceblast (13)
Scrolls
 h - 4 scrolls of magic mapping
 n - 2 scrolls of fog
 u - a scroll of enchant weapon
 w - 3 scrolls of identify
 A - a scroll of enchant armour
 C - 3 scrolls of remove curse
Potions
 c - 4 potions of curing
 e - a potion of ambrosia
 g - a potion of haste {unknown}
 o - a potion of berserk rage {unknown}
 p - 2 potions of flight
 r - a potion of magic {unknown}
Books
 x - a book of Maledictions

   Spells                             Type                      Level
   a - Corona                         Hexes                        1
   b - Ensorcelled Hibernation        Hexes/Ice                    2
   c - Confuse                        Hexes                        3
   d - Tukima's Dance                 Hexes                        3
   e - Dazzling Spray                 Conjuration/Hexes            3
Comestibles
 f - 5 rations


   Skills:
 + Level 9.6 Fighting
 + Level 4.4 Short Blades
 + Level 4.4 Long Blades
 + Level 4.4 Axes
 + Level 4.4 Maces & Flails
 + Level 4.4 Polearms
 + Level 5.2 Staves
 + Level 4.4 Slings
 + Level 4.4 Bows
 + Level 4.4 Crossbows
 + Level 4.4 Throwing
 + Level 4.4 Armour
 + Level 4.4 Dodging
 + Level 6.1 Stealth
 + Level 5.2 Shields
 + Level 6.4 Unarmed Combat
 + Level 4.4 Spellcasting
 + Level 3.6 Conjurations
 + Level 3.6 Hexes
 + Level 3.6 Charms
 + Level 3.6 Summonings
 + Level 3.6 Necromancy
 + Level 3.6 Translocations
 + Level 3.6 Transmutations
 + Level 3.6 Fire Magic
 + Level 3.6 Ice Magic
 + Level 3.6 Air Magic
 + Level 3.6 Earth Magic
 + Level 3.6 Poison Magic
 + Level 4.8 Invocations
 + Level 4.4 Evocations


You had 16 spell levels left.
You didn't know any spells.

Dungeon Overview and Level Annotations

Branches:
Dungeon (8/15)             Temple (1/1) D:6
   Lair: D:8-11

Altars:
Ashenzari
Cheibriados
Dithmenos
Elyvilon
Fedhas
Gozag
Hepliaklqana
Kikubaaqudgha
Makhleb
Nemelex Xobeh
Okawaru
Qazlal
Ru
Sif Muna
Uskayaw
Vehumet
Wu Jian
Xom
Yredelemnul
Zin
The Shining One

Annotations:
D:7 Prince Ribbit


Innate Abilities, Weirdness & Mutations

Your experience applies equally to all skills.
You have very sharp teeth.
Your uncanny sense of smell can sniff out nearby items.


Message History

5 wights come into view.
Found a scroll of remove curse.
There is a stone staircase leading up here.
Unknown command.
Unknown command.
You feel agile all of a sudden.
The two-headed ogre hits you but does no damage.
The two-headed ogre completely misses you.
Something closely misses you. The wight hits you with a scimitar!
* * * LOW HITPOINT WARNING * * *
Unknown command.
The two-headed ogre misses you.
The two-headed ogre hits you with a giant club.
* * * LOW HITPOINT WARNING * * *
The wight misses you.
Unknown command.
A sky beast appears from thin air!
Reactivating autopickup.
The two-headed ogre hits you with a giant spiked club!!
You die...

#.###### #
#......###
.#
##@..#.#
#.zO...##
#zY§....#
#...###.#
#...# #
#z?z# ∆
#...#
##z## ..#


You could see a two-headed ogre, a sky beast and 5 wights.

Vanquished Creatures
  The ghost of Thomus the Cleaver, a novice MiBe of Trog (D:6)
  Pikel (D:4)
  An orc warrior (D:7)
  A phantom (D:4)
  8 ogres
  A centaur (D:7)
  A bullfrog (D:7)
  2 bullfrog zombies (D:6)
  2 crimson imps (D:7)
  2 hounds
  4 orc priests (D:6)
  An iguana (D:7)
  9 orc wizards
  4 worker ants
  A worker ant zombie (D:7)
  A howler monkey skeleton (D:5)
  4 adders
  An ooze (D:2)
  An adder skeleton (D:4)
  A worm (D:3)
  2 dart slugs
  4 leopard geckos
  7 orcs
  3 giant cockroaches
  8 goblins
  11 hobgoblins
  4 jackals
  4 quokkas
  A ball python (D:1)
  7 bats
  9 frilled lizards
  8 kobolds
  A leopard gecko skeleton (D:7)
  A quokka skeleton (D:6)
  3 rats
120 creatures vanquished.

Vanquished Creatures (others)
  A worm (D:4)
1 creature vanquished.

Grand Total: 121 creatures vanquished

Notes
Turn   | Place    | Note
-------+----------+-------------------------------------------
     0 | D:1      | vatarom the Gnoll Wanderer began the quest for the Orb.
     0 | D:1      | vatarom set off with: a +2 quarterstaff, a +0 short sword, a potion of curing, a +0 robe, a +0 dagger, a ration
     0 | D:1      | Reached XP level 1. HP: 26/26 MP: 1/1
   120 | D:1      | Reached XP level 2. HP: 27/33 MP: 2/2
   482 | D:1      | Reached XP level 3. HP: 38/38 MP: 3/3
  1090 | D:2      | Reached skill level 1 in Invocations
  1366 | D:2      | Reached skill level 1 in Short Blades
  1366 | D:2      | Reached skill level 1 in Long Blades
  1366 | D:2      | Reached skill level 1 in Axes
  1366 | D:2      | Reached skill level 1 in Maces & Flails
  1366 | D:2      | Reached skill level 1 in Polearms
  1366 | D:2      | Reached skill level 1 in Slings
  1366 | D:2      | Reached skill level 1 in Bows
  1366 | D:2      | Reached skill level 1 in Crossbows
  1366 | D:2      | Reached skill level 1 in Throwing
  1366 | D:2      | Reached skill level 1 in Armour
  1366 | D:2      | Reached skill level 1 in Dodging
  1366 | D:2      | Reached skill level 1 in Spellcasting
  1366 | D:2      | Reached skill level 1 in Evocations
  1493 | D:3      | Reached XP level 4. HP: 45/45 MP: 5/5
  2205 | D:4      | Reached skill level 1 in Conjurations
  2205 | D:4      | Reached skill level 1 in Hexes
  2205 | D:4      | Reached skill level 1 in Charms
  2205 | D:4      | Reached skill level 1 in Summonings
  2205 | D:4      | Reached skill level 1 in Necromancy
  2205 | D:4      | Reached skill level 1 in Translocations
  2205 | D:4      | Reached skill level 1 in Transmutations
  2205 | D:4      | Reached skill level 1 in Fire Magic
  2205 | D:4      | Reached skill level 1 in Ice Magic
  2205 | D:4      | Reached skill level 1 in Air Magic
  2205 | D:4      | Reached skill level 1 in Earth Magic
  2205 | D:4      | Reached skill level 1 in Poison Magic
  2381 | D:4      | Noticed an ogre
  2404 | D:4      | Killed an ogre
  2404 | D:4      | Reached XP level 5. HP: 18/51 MP: 5/7
  2440 | D:4      | Noticed a slave
  2663 | D:4      | Noticed an ogre
  2671 | D:4      | Noticed a phantom
  2674 | D:4      | Killed an ogre
  2674 | D:4      | Reached XP level 6. HP: 34/57 MP: 8/8
  2693 | D:4      | Killed a phantom
  2693 | D:4      | Reached skill level 5 in Unarmed Combat
  2831 | D:4      | Noticed a slave
  2832 | D:4      | Noticed a slave
  2835 | D:4      | Noticed Pikel
  2835 | D:4      | Noticed a slave
  2936 | D:4      | Killed Pikel
  2936 | D:4      | Reached skill level 9 in Fighting
  2936 | D:4      | Reached skill level 5 in Stealth
  2936 | D:4      | Reached XP level 7. HP: 25/64 MP: 9/11
  2936 | D:4      | Reached XP level 8. HP: 27/71 MP: 9/12
  3459 | D:5      | Entered Level 5 of the Dungeon
  4821 | D:6      | Noticed Thomus's ghost (novice MiBe)
  4849 | D:6      | Killed Thomus's ghost
  4849 | D:6      | Reached XP level 9. HP: 46/77 MP: 14/14
  5079 | D:6      | Found a staircase to the Ecumenical Temple.
  5089 | Temple   | Entered the Ecumenical Temple
  5647 | D:7      | Noticed Prince Ribbit
  6019 | D:7      | Reached skill level 5 in Staves
  6019 | D:7      | Reached skill level 5 in Shields
  6258 | D:7      | Noticed a two-headed ogre
  6376 | D:8      | Demolished by a two-headed ogre

Skill      XL: |  1  2  3  4  5  6  7  8  9 |
---------------+----------------------------+-----
Invocations    | 1 2 3 4 |  4.8
Short Blades   | 1 2 3 4 |  4.4
Long Blades    | 1 2 3 4 |  4.4
Axes           | 1 2 3 4 |  4.4
Maces & Flails | 1 2 3 4 |  4.4
Polearms       | 1 2 3 4 |  4.4
Slings         | 1 2 3 4 |  4.4
Bows           | 1 2 3 4 |  4.4
Crossbows      | 1 2 3 4 |  4.4
Throwing       | 1 2 3 4 |  4.4
Armour         | 1 2 3 4 |  4.4
Dodging        | 1 2 3 4 |  4.4
Spellcasting   | 1 2 3 4 |  4.4
Evocations     | 1 2 3 4 |  4.4
Conjurations   | 1 2 3 |  3.6
Hexes          | 1 2 3 |  3.6
Charms         | 1 2 3 |  3.6
Summonings     | 1 2 3 |  3.6
Necromancy     | 1 2 3 |  3.6
Translocations | 1 2 3 |  3.6
Transmutations | 1 2 3 |  3.6
Fire Magic     | 1 2 3 |  3.6
Ice Magic      | 1 2 3 |  3.6
Air Magic      | 1 2 3 |  3.6
Earth Magic    | 1 2 3 |  3.6
Poison Magic   | 1 2 3 |  3.6
Staves         | 3 4 5 |  5.2
Shields        | 3 4 5 |  5.2
Unarmed Combat | 5 6 |  6.4
Fighting       | 9 |  9.6
Stealth        | 5 6 |  6.1

Action                   |  1- 3 |  4- 6 |  7- 9 || total
-------------------------+-------+-------+-------++-------
Melee: Quarterstaff      |    97 |    76 |    75 ||   248
       Bite              |     7 |    10 |    29 ||    46
       Battleaxe         |       |       |   130 ||   130
 Fire: Blowgun           |       |    44 |       ||    44
 Abil: Evoke Berserk Rag |       |       |     1 ||     1
  Use: Scroll            |       |     4 |     9 ||    13
       Potion            |       |     2 |     4 ||     6
 Stab: Sleeping          |    14 |     3 |     3 ||    20
  Eat: Ration            |     1 |     1 |     4 ||     6
       Chunk             |       |     1 |       ||     1
Armor: Robe              |    23 |       |       ||    23
       Leather armour    |     6 |     7 |     1 ||    14
       Scale mail        |       |       |   144 ||   144
Dodge: Dodged            |    48 |    54 |   160 ||   262
